 Dungeon Crawl Stone Soup version 0.15.0-12-gccce430 (webtiles) character file.

257 zercules the Skirmisher (level 6, -6/84 HPs)
             Began as a Hill Orc Berserker on Sept 2, 2014.
             Was a Priest of Trog.
             Mangled by an ogre
             ... wielding a cursed +0 giant club
              (11 damage)
             ... on Level 4 of the Dungeon.
             The game lasted 00:18:11 (4054 turns).

zercules the Skirmisher (Hill Orc Berserker)        Turns: 4054, Time: 00:18:11

HP  -6/84        AC  3     Str 25      XL: 6   Next: 16%
MP   6/6         EV 12     Int  7      God: Trog [***...]
Gold 100         SH  0     Dex 12      Spells:  0 memorised,  5 levels left

rFire  . . .     SeeInvis .     a - +0 mace
rCold  . . .     Clarity  .     b - +0 animal skin
rNeg   . . .     rCorr    .     (no shield)
rPois  .         rRot     .     (no helmet)
rElec  .         Spirit   .     (no cloak)
SustAb .         Warding  .     (no gloves)
rMut   .         Stasis   .     o - +0 pair of boots
Gourm  .                        (no amulet)
MR     .....                    (no ring)
                                (no ring)

@: berserking, drained, very quick, not resistant to hostile enchantments,
extremely unstealthy
A: no striking features
a: Burn Spellbooks, Berserk, Trog's Hand, Renounce Religion


You were on level 4 of the Dungeon.
You worshipped Trog.
Trog was most pleased with you.
You were not hungry.

You visited 1 branch of the dungeon, and saw 4 of its levels.

You collected 100 gold pieces.


   Skills:
 + Level 5.2(4.9) Fighting
 + Level 4.6(4.2) Maces & Flails
 + Level 4.1(3.7) Armour
 + Level 2.5(2.2) Dodging


You had 5 spell levels left.
You didn't know any spells.

Dungeon Overview and Level Annotations

Branches:
Dungeon (4/15)
 Temple: D:4-7

Altars:
Makhleb
Xom
Zin

Inventory:

Hand weapons
 a - a +0 mace (weapon)
Missiles
 m - 3 javelins (quivered)
Armour
 b - a +0 animal skin (worn)
 o - a +0 pair of boots (worn)
Comestibles
 c - 4 meat rations
Scrolls
 d - 3 scrolls of remove curse {@r8}
 e - a scroll of teleportation {unknown}
 i - 4 scrolls of identify {unknown}
 j - a scroll of blinking {unknown}
 l - a scroll of enchant weapon {unknown}
 n - a scroll of fear {unknown}
 p - 2 scrolls of amnesia {unknown}
 q - a scroll of enchant armour {unknown}
Jewellery
 k - an uncursed ring of stealth {unknown}
Potions
 g - a potion of resistance {unknown}
 h - 2 potions of flight {unknown}
 r - a potion of cancellation {unknown}

####. ....
#..# #..#
########..##
...........#
########...#
#lO.###.#
#@......#
##..#####
.#.# ###.#
#.# #.


You could see an ogre and an iguana.


Message History

The ball python barely misses you.
You sock the ball python!
You kill the ball python!
Trog accepts your kill.
You see here a ball python corpse.
The ball python corpse is consumed in a column of flame.
You start resting.
You are near starving!
You see here a club.
m - a javelin
m - 3 javelins (gained 2)
You start resting.
Your magical contamination has completely faded away.
Eat which item? (? for menu, Esc to quit)
You finish eating.
That bread ration really hit the spot!
You start resting.
HP restored.
Found a glowing silver altar of Zin.
A rat comes into view.
Found a runed hunting sling.
Throwing (i - inventory):
m - 3 javelins (quivered)
Aim: a rat You throw a javelin.
The javelin hits the rat.
You kill the rat!
Trog accepts your kill.
No target in view!
No target in view!
m - 3 javelins (gained 1)
You see here a rat corpse.
The rat corpse is consumed in a column of flame.
Found a dagger.
Found a stone staircase leading down.
Found a robe.
Found a robe.
Done exploring.
You see here a robe.
There is a stone staircase leading down here.
You climb downwards.
An iguana comes into view.
There is a stone staircase leading up here.
An ogre comes into view. It is wielding a giant club.
The ogre shouts!
The ogre closely misses you. The iguana bites you.
You hit the ogre.
The ogre is lightly wounded.
The ogre barely misses you. The iguana bites you.
You hit the ogre.
The ogre is moderately wounded.
The ogre hits you with a giant club! The iguana barely misses you.
You hit the ogre.
The ogre is heavily wounded.
The ogre hits you with a giant club!!
* * * LOW HITPOINT WARNING * * *
The iguana bites you.
* * * LOW HITPOINT WARNING * * *
You barely miss the iguana. The iguana bites you!
* * * LOW HITPOINT WARNING * * *
There is a stone staircase leading up here.
Use which ability? (? or * to list)
A red film seems to cover your vision as you go berserk!
You feel yourself moving faster!
You feel mighty!
You feel somewhat more hungry. The iguana completely misses you.
The ogre barely misses you.
You hit the ogre.
The ogre is severely wounded.
The iguana bites you!
* * * LOW HITPOINT WARNING * * *
You hit the ogre.
The ogre is severely wounded.
The ogre hits you with a giant club!
You die...

Action                   |  1- 3 |  4- 6 || total
-------------------------+-------+-------++-------
Melee: Mace              |   111 |   172 ||   283
Throw: Javelin           |     8 |    41 ||    49
Invok: Berserk           |       |     1 ||     1
  Use: Scroll            |       |     1 ||     1
       Potion            |       |     1 ||     1
 Stab: Invisible         |       |     2 ||     2
  Eat: Chunk             |     2 |       ||     2
       Fruit             |     1 |     1 ||     2
       Bread ration      |       |     2 ||     2

Vault maps used:
D:1:      minmay_arrival_nine_rooms
D:2:      minmay_misc_feat_four_crosses
D:3:      old_standard_altar, grunt_temple_overflow_champion_of_chaos,
          serial_undead, serial_undead_f, serial_undead_b, serial_undead_b,
          serial_undead_d, minmay_misc_feat_roman, cheibrodos_gnoll_hut
D:4:      minmay_temple_entry_poolview, uniq_grinder, uniq_natasha

Notes
Turn   | Place    | Note
--------------------------------------------------------------
     0 | D:1      | zercules, the Hill Orc Berserker, began the quest for the Orb.
     0 | D:1      | Reached XP level 1. HP: 19/19 MP: 1/1
   100 | D:1      | HP: 3/20 [rat (3)]
   102 | D:1      | HP: 1/20 [hobgoblin (2)]
   436 | D:1      | Reached XP level 2. HP: 24/27 MP: 2/2
   757 | D:1      | Reached skill level 4 in Fighting
   875 | D:1      | Reached XP level 3. HP: 13/33 MP: 3/3
  1356 | D:2      | Acquired Trog's second power
  1470 | D:2      | Reached skill level 3 in Armour
  1810 | D:2      | Reached XP level 4. HP: 25/41 MP: 4/4
  2097 | D:2      | Reached skill level 4 in Maces & Flails
  2271 | D:3      | HP: 8/41 [worm (11)]
  2284 | D:3      | HP: 5/41 [worm (4)]
  2287 | D:3      | Reached skill level 2 in Dodging
  2535 | D:3      | Reached XP level 5. HP: 21/47 MP: 5/5
  2920 | D:3      | Reached skill level 5 in Fighting
  3158 | D:3      | Found a shimmering altar of Xom.
  3158 | D:3      | Found a burning altar of Makhleb.
  3420 | D:3      | Reached skill level 4 in Armour
  3589 | D:3      | Paralysed by a crimson imp for 5 turns
  3608 | D:3      | HP: 12/48 [crimson imp/dagger of chaos (8)]
  3617 | D:3      | HP: 7/48 [crimson imp/dagger of chaos (2)]
  3623 | D:3      | Reached XP level 6. HP: 9/56 MP: 6/6
  3897 | D:3      | Found a glowing silver altar of Zin.
  4050 | D:4      | HP: 8/56 [iguana (8)]
  4054 | D:4      | Mangled by an ogre

Vanquished Creatures
  A crimson imp (D:3)
  2 hounds (D:3)
  A worker ant zombie (D:3)
  A gnoll (D:3)
  4 adders
  A giant mite (D:3)
  A worm (D:3)
  2 adder skeletons (D:3)
  An ooze (D:2)
  5 orcs (D:3)
  12 goblins
  9 hobgoblins
  12 jackals
  5 kobolds
  A quokka (D:3)
  3 ball pythons
  7 bats
  2 giant cockroaches (D:3)
  2 giant geckos
  2 giant newts (D:3)
  A goblin zombie (D:3)
  12 rats
87 creatures vanquished.
